cohdb
Replays
Latest Replays
All Replays
Popular Replays
Top Player Replays
Match Explorer
How It Works
Community
CoH3 Stats
Reddit
Sign in to upload your games and track your stats! →
Sign in with Steam
Match 43886667
Unlisted
Match 43886667
Overview
Messages
Build Orders
End
Vickers Machine Gun Team
Construct Section Command Post
Infantry Section
Infantry Section
Infantry Section
Selects Air and Sea Battlegroup
Vickers Machine Gun Team
Selects Supply Surplus
Construct Resource Cache
Construct Platoon Command Post
Construct Resource Cache
Humber Armored Car
CMP 15cwt Truck
Humber Armored Car
Selects Commando Section Paradrop
Commando Section Paradrop
Construct Company Command Post
Unlock M3 Grant Medium Tanks
M3 Grant Medium Tank
M3 Grant Medium Tank
Selects UNKNOWN (223837)
Selects M1 Pack Howitzer Paradrop
Selects Incendiary Bombing Run
Commando Section Paradrop
Incendiary Bombing Run
JT9001
admiral_gnar
0
0
Comments
sign in to comment!
No comments posted yet!